 Dungeon Crawl Stone Soup version 0.30-a0-782-ge64f9170bb (webtiles) character file.

Game seed: 8870144516076782661

182 funkygono the Firebug (level 5, -16/28 HPs)
             Began as a Gargoyle Fire Elementalist on Mar 9, 2023.
             Killed from afar by Ijyb (23 damage)
             ... with a bolt of light
             ... on level 3 of the Dungeon.
             The game lasted 00:04:12 (3129 turns).

funkygono the Firebug (Gargoyle Fire Elementalist)  Turns: 3129, Time: 00:04:13

Health: -16/28     AC:  8    Str: 12    XL:     5   Next: 61%
Magic:  3/10       EV: 12    Int: 17    God:
Gold:   111        SH:  0    Dex: 10    Spells: 0/10 levels left

rFire   . . .      SeeInvis .    d - +0 whip
rCold   + . .      Faith    .    (no shield)
rNeg    + . .      Spirit   .    a - +0 robe
rPois   ∞          Reflect  .    q - +0 helmet
rElec   +          Harm     .    (no cloak)
rCorr   .          Rampage  .    (no gloves)
Will    .....                    s - +0 pair of boots
Stlth   ++                       (no amulet)
HPRegen 0.24/turn                u - ring of protection from cold
MPRegen 0.12/turn                (no ring)

@: no status effects
A: sickness immunity, AC +4, negative energy resistance 1, electricity
resistance, torment resistance 1, petrification resistance
a: no special abilities


You were on level 3 of the Dungeon.
You visited 1 branch of the dungeon, and saw 3 of its levels.

You collected 111 gold pieces.

Inventory:

Hand Weapons
 d - a +0 whip (weapon)
 k - the +9 short sword "Voasedgh" {flame, Int-3 Dex+4}
   (You found it on level 2 of the Dungeon)

   Int:       It affects your intelligence (-3).
   Dex:       It affects your dexterity (+4).
Armour
 a - a +0 robe (worn)
 q - a +0 helmet (worn)
 s - a +0 pair of boots (worn)
Jewellery
 u - a ring of protection from cold (left hand)
Scrolls
 c - a scroll of immolation {unknown}
 e - a scroll of brand weapon {unknown}
 j - 3 scrolls of identify {unknown}
 n - a scroll of amnesia {unknown}
 o - a scroll of blinking {unknown}
 p - a scroll of vulnerability {unknown}
Potions
 b - a potion of magic
 f - a potion of brilliance {unknown}
 g - 3 potions of heal wounds {unknown}
 h - 2 potions of berserk rage {unknown}
 i - 2 potions of resistance {unknown}
 l - a potion of lignification {unknown}
 m - a potion of mutation {unknown}
 r - a potion of might {unknown}
 t - a potion of attraction {unknown}


   Skills:
 + Level 0.1 Fighting
 + Level 2.0 Dodging
 - Level 2.1 Stealth
 + Level 3.4 Spellcasting
 + Level 2.4 Conjurations
 + Level 4.4 Fire Magic


You couldn't memorise any spells.
You knew the following spells:

 Your Spells              Type           Power      Damage    Failure   Level
a - Foxfire               Conj/Fire      56%        2x1d6     4%          1
b - Scorch                Fire           34%        2d7       4%          2
c - Kindle Blastsparks    Fire/Tloc/Air  14%        2d11      26%         3
d - Flame Wave            Conj/Fire      14%        2d6       38%         4

Your spell library contained the following spells:

 Spells                   Type           Power      Damage    Failure   Level
 Magic Dart               Conj           44%        1d5       6%          1
 Kiss of Death            Conj/Necr      28%        2d7       10%         1
 Beastly Appendage        Tmut           4%         N/A       17%         1
 Inner Flame              Hex/Fire       10%        N/A       21%         3
 Call Imp                 Summ           2%         N/A       26%         2
 Wereblood                Tmut           2%         N/A       26%         2
 Mephitic Cloud           Conj/Pois/Air  5%         N/A       34%         3
 Confusing Touch          Hex            2%         N/A       45%         3
 Spider Form              Tmut/Pois      2%         N/A       45%         3
 Dispel Undead            Necr           2%         3d7       86%         4


Dungeon Overview and Level Annotations

Branches:
Dungeon (3/15)

Altars:

Annotations:
D:3 Ijyb


Innate Abilities, Weirdness & Mutations

You are immune to sickness and miasma.
Your stone body is resilient. (AC +4)
You are immune to poison.
You resist negative energy. (rN+)
You are resistant to electric shocks. (rElec)
You are resistant to unholy torment.
You are immune to petrification.


Message History

The bolt of light hits your foxfire!!
Casting: Foxfire (safe; 4% risk of failure)
Confirm with . or Enter, or press ? or * to list all spells.
You conjure some foxfire!
The foxfire hits the kobold.
The kobold is severely wounded.
Ijyb zaps a wand.
The bolt of light hits you.
You are confused.
You're too confused to cast spells.
Sorry, you're not good enough to have a special ability.
You're too confused to cast spells.
Sorry, you're not good enough to have a special ability.
You're too confused to cast spells.
Sorry, you're not good enough to have a special ability.
You're too confused to cast spells.
Sorry, you're not good enough to have a special ability.
Unknown command.
Okay, then.
The foxfire hits the kobold.
You kill the kobold!
The foxfire hits Ijyb but does no damage.
Ijyb is moderately wounded.
You hit Ijyb but do no damage.
Ijyb is moderately wounded.
You feel less confused.
Ijyb hits you with a +0 dagger of flaming.
* * * LOW HITPOINT WARNING * * *
Ijyb burns you.
* * * LOW HITPOINT WARNING * * *
You barely miss Ijyb.
Ijyb is moderately wounded.
Ijyb screams, "I dance on your bones!" Ijyb hits you but does no damage.
Casting: Foxfire (safe; 4% risk of failure)
Confirm with . or Enter, or press ? or * to list all spells.
Flames lash Ijyb.
Ijyb is heavily wounded.
Ijyb's fire resistance burns away.
Ijyb zaps a wand.
The bolt of light hits you!!
Ouch! That really hurt!
You die...

###########################')####
##.....#.......#....# .
##......'.......#.)(.# .
#.......#########....###
#....).........#......#.
+....()........'......'.
#..............#......#.
#.......#########....###
##.....@g)..... #....#
##.....#...... #....# #######
##### ######


You could see Ijyb (combustible).

Vanquished Creatures
  A kobold brigand (D:3)
  Terence (D:3)
  A gnoll (D:3)
  An adder (D:2)
  2 worms
  A dart slug (D:1)
  8 endoplasms
  3 giant cockroaches (D:1)
  6 goblins
  5 hobgoblins
  3 jackals (D:2)
  A quokka (D:1)
  A ball python (D:2)
  5 bats
  4 frilled lizards
  12 kobolds
  3 rats
58 creatures vanquished.

Vanquished Creatures (others)
  A kobold (D:3)
  182 foxfires
183 creatures vanquished.

Grand Total: 241 creatures vanquished

Notes
Turn   | Place    | Note
-------+----------+-------------------------------------------
     0 | D:1      | funkygono the Gargoyle Fire Elementalist began the quest
                  | for the Orb.
     0 | D:1      | Reached XP level 1. HP: 10/10 MP: 3/3
   356 | D:1      | Reached XP level 2. HP: 15/15 MP: 1/5
   604 | D:1      | Learned a level 2 spell: Scorch
   692 | D:1      | Reached XP level 3. HP: 19/19 MP: 2/6
   696 | D:1      | Learned a level 3 spell: Kindle Blastsparks
  1231 | D:2      | Identified the +9 short sword "Voasedgh" {flame, Int-3
                  | Dex+4}
  1751 | D:2      | Found a faded altar of an unknown god.
  1813 | D:2      | Reached XP level 4. HP: 21/24 MP: 3/8
  2352 | D:3      | Noticed Terence
  2375 | D:3      | Killed Terence
  2376 | D:3      | Reached skill level 4 in Fire Magic
  2940 | D:3      | Noticed a kobold brigand
  2961 | D:3      | Killed a kobold brigand
  2962 | D:3      | Reached XP level 5. HP: 28/28 MP: 1/10
  2974 | D:3      | Learned a level 4 spell: Flame Wave
  3118 | D:3      | Noticed Ijyb
  3129 | D:3      | Killed from afar by Ijyb

Illustrated notes

Levels and vault maps discovered:
D:1:      tekkud_arrival_beachfront_property, layout_loops_ring
D:2:      layout_basic, dreamdust_ecumenical_altar_angels_and_demons
D:3:      minmay_goblin_kobold_castle, layout_loops_ring, skrybe_limestone_x,
          minmay_misc_feat_encased, uniq_terence, uniq_ijyb

Skill      XL: |  1  2  3  4 |
---------------+-------------+-----
Conjurations   | 2 |  2.4
Fire Magic     | 4 |  4.4
Spellcasting   | 3 |  3.4
Dodging        | 2 |  2.0
Fighting       | |  0.1
Stealth        | |  2.1

Action                     |  1- 3 |  4- 6 || total
---------------------------+-------+-------++-------
  Melee: Whip              |    13 |    19 ||    32
   Cast: Foxfire           |    64 |    43 ||   107
         Scorch            |     3 |     4 ||     7
 Armour: Robe              |    11 |     3 ||    14
  Dodge: Dodged            |    23 |    17 ||    40

Table legend: (Time is in decaauts)
 A = Elapsed time spent in this place.
 B = Non-inter-level travel time spent in this place.
 C = Inter-level travel time spent in this place.
 D = Time resting spent in this place.
 E = Time spent auto-exploring this place.
 F = Levels seen in this place.
 G = Mean time per level.
                   A        B        C        D        E       F      G
               +--------+--------+--------+--------+--------+-----+--------+
         Total |   3130 |   3088 |     42 |     17 |   2274 |   3 | 1043.3 |
       Dungeon |   3130 |   3088 |     42 |     17 |   2274 |   3 | 1043.3 |
               +--------+--------+--------+--------+--------+-----+--------+

Top non-repeatable levels by time:
     D:1: 1224 daAuts
     D:3: 1006 daAuts
     D:2: 900 daAuts
